 Dungeon Crawl Stone Soup version 0.18-a0-1577-gf591c28 (webtiles) character file.

142 Tomstefer the Insei (level 5, -2/28 HPs)
             Began as a Vine Stalker Monk on Mar 20, 2016.
             Slain by a gnoll
             ... wielding a +0 spear
              (6 damage)
             ... on level 3 of the Dungeon.
             The game lasted 00:04:03 (1847 turns).

Tomstefer the Insei (Vine Stalker Monk)             Turns: 1847, Time: 00:04:03

Health: -2/28      AC:  6    Str: 14    XL:     5   Next: 25%
Magic:  0/6        EV: 11    Int: 10    God:
Gold:   161        SH:  0    Dex: 17    Spells: 0 memorised, 4 levels left

rFire  . . .     SeeInvis .       - Unarmed
rCold  . . .     Gourm    .     c - +0 ring mail
rNeg   . . .     Faith    .     (no shield)
rPois  .         Spirit   +     (no helmet)
rElec  .         Dismiss  .     (no cloak)
rCorr  .         Reflect  .     (no gloves)
SustAt .         Harm     +     i - +0 pair of boots
MR     .....                    f - amulet of harm
Stlth  ++........               (no ring)
                                (no ring)

@: not resistant to hostile enchantments, unstealthy
A: fangs 2, regeneration 1, magic shield, antimagic bite, no device heal 3, rot
immunity
a: no special abilities


You were on level 3 of the Dungeon.
You were not hungry.

You visited 1 branch of the dungeon, and saw 3 of its levels.

You collected 161 gold pieces.

Inventory:

Armour
 c - a +0 ring mail (worn)
 i - a +0 pair of boots (worn)
Jewellery
 f - an amulet of harm (around neck)
 t - a +4 ring of strength {unknown}
Scrolls
 a - a scroll of blinking {unknown}
 e - 7 scrolls of identify {unknown}
 k - 2 scrolls of teleportation {unknown}
 m - a scroll of random uselessness {unknown}
 o - 3 scrolls of remove curse {unknown}
 p - a scroll of fog {unknown}
Potions
 g - 4 potions of degeneration {unknown}
 l - 2 potions of ambrosia {unknown}
 n - a potion of agility {unknown}
 q - 3 potions of curing {unknown}
 r - a potion of might {unknown}
 s - a potion of haste {unknown}
 u - 2 potions of lignification {unknown}
Comestibles
 b - 2 bread rations
 d - 2 beef jerkies
 h - a slice of pizza
 j - 7 chunks of flesh
 v - 5 fruits


   Skills:
 + Level 3.3 Fighting
 - Level 2.4 Dodging
 - Level 2.4 Stealth
 * Level 6.0 Unarmed Combat


You had 4 spell levels left.
You didn't know any spells.

Dungeon Overview and Level Annotations

Branches:
Dungeon (3/15)

Altars:
Fedhas
Makhleb
Okawaru
Trog


Innate Abilities, Weirdness & Mutations

You have extremely sharp teeth.
Your natural rate of healing is unusually fast.
When hurt, damage is shared between your health and your magic reserves.
Your bite disrupts and absorbs the magic of your enemies.
Potions and wands cannot restore your health.
You are immune to rotting.


Message History

The gnoll hits you with a spear.
You hit the gnoll.
The gnoll is moderately wounded.
The gnoll hits you with a flail. The gnoll barely misses you.
The gnoll closely misses you. The gnoll hits you but does no damage.
The gnoll hits you from afar with a spear!
* * * LOW HITPOINT WARNING * * *
You barely miss the gnoll. You bite the gnoll, but do no damage.
The gnoll barely misses you.
The gnoll hits you from afar with a spear.
* * * LOW HITPOINT WARNING * * *
You hit the gnoll but do no damage. You bite the gnoll, but do no damage.
The gnoll closely misses you.
You closely miss the gnoll. The gnoll closely misses you.
The gnoll completely misses you.
Drink which item? (? for menu, Esc to quit)
Okay, then.
The gnoll hits you from afar with a spear.
You die...

.# #........########.#...##
.#####.####.###
####..#.#.####
.............#
#............#
.#####.#####.#
#.##..#...##.# .# #.#
#.######.##.#..#.##.# .#
###.# #.............###.#.#
.. ...#
#..............#.##.# ###
##.#####.###.##.#..#...###.#
####.........##@## #.....>#
#.# #...........ggg.#
##..#..# #.#
#.##....)#...#### #.###.#
#.# ##.##..#.....## ###.#..#
# ..<##..#.#####
#.####.#.###.# #####..#.#
###.[..........# #..#.#
#........#....## #####..#.#
#.#####.##.##.# .......#.#
#####.# #.##.# .#


You could see 3 gnolls.

Vanquished Creatures
  A hound (D:3)
  A gnoll (D:3)
  3 adders
  2 oozes (D:2)
  A worm (D:3)
  2 dart slugs (D:1)
  A giant gecko (D:2)
  2 ball pythons
  2 bats
  4 giant cockroaches
  8 goblins
  6 hobgoblins
  4 jackals
  A quokka (D:3)
  4 giant newts
  8 kobolds
  7 rats
57 creatures vanquished.

Notes
Turn   | Place    | Note
--------------------------------------------------------------
     0 | D:1      | Tomstefer the Vine Stalker Monk began the quest for the Orb.
     0 | D:1      | Reached XP level 1. HP: 11/11 MP: 2/2
   129 | D:1      | Reached XP level 2. HP: 16/16 MP: 3/3
   430 | D:1      | Reached XP level 3. HP: 19/19 MP: 2/4
   742 | D:2      | Reached skill level 5 in Unarmed Combat
   856 | D:2      | Found an iron altar of Okawaru.
   857 | D:2      | Found a blossoming altar of Fedhas.
   857 | D:2      | Found a bloodstained altar of Trog.
   929 | D:2      | Reached XP level 4. HP: 22/24 MP: 5/5
  1707 | D:3      | Found a burning altar of Makhleb.
  1716 | D:3      | Reached XP level 5. HP: 25/28 MP: 6/6
  1828 | D:3      | Reached skill level 6 in Unarmed Combat
  1847 | D:3      | Slain by a gnoll

Vault maps used:
D:1:      minmay_arrival_jagged
D:2:      gammafunk_temple_overflow_forgotten, kennysheep_another_room
D:3:      makhleb_heckhound_becter

Skill      XL: |  1  2  3  4  5 |
---------------+----------------+-----
Unarmed Combat | 5 6 |  6.0
Fighting       | 3 |  3.3
Dodging        | |  2.4
Stealth        | |  2.4

Action                   |  1- 3 |  4- 6 || total
-------------------------+-------+-------++-------
Melee: Unarmed           |    87 |    67 ||   154
 Stab: Sleeping          |     4 |     3 ||     7
  Eat: Chunk             |       |     3 ||     3
